 Dungeon Crawl Stone Soup version 0.25.1-8-g42b30a86e7 (webtiles) character file.

Game seed: 2283849183545414401

68805 pokeman the Eclecticist (level 14, -5/78 HPs)
             Began as a Deep Elf Wizard on Dec 12, 2020.
             Was an Elder of Vehumet.
             Slain by a death yak (13 damage)
             ... on level 6 of the Lair of Beasts.
             The game lasted 01:14:09 (28828 turns).

pokeman the Eclecticist (Deep Elf Wizard)          Turns: 28828, Time: 01:14:09

Health: -5/78      AC: 11    Str:  4    XL:     14   Next: 88%
Magic:  39/58      EV: 12    Int: 32    God:    Vehumet [****..]
Gold:   1035       SH: 12    Dex: 13    Spells: 16/53 levels left

rFire    . . .     SeeInvis +   V - +9 staff of Olgreb {rPois∞}
rCold    . . .     Gourm    .   C - +2 buckler
rNeg     + . .     Faith    .   y - +3 leather armour of the Ego {rCorr SInv}
rPois    ∞         Spirit   .   A - +0 hat {Int+3}
rElec    .         Reflect  +   R - +2 cloak {MR+}
rCorr    +         Harm     .   l - +0 pair of gloves
MR       ++...                  (no boots)
Stlth    +++.......             k - amulet of reflection
HPRegen  0.23/turn              x - ring of magical power
MPRegen  0.36/turn              a - ring "Muut" {rN+ MP+9 Stlth+}

@: no status effects
A: no striking features
a: Renounce Religion


You were on level 6 of the Lair of Beasts.
You worshipped Vehumet.
Vehumet was greatly pleased with you.
You were very hungry.

You visited 3 branches of the dungeon, and saw 22 of its levels.

You collected 1359 gold pieces.
You spent 324 gold pieces at shops.

Inventory:

Hand Weapons
 c - a +2 shortbow of freezing
 N - a +2 arbalest of flaming
 V - the +9 staff of Olgreb (weapon) {rPois∞}
   (You found it on level 10 of the Dungeon)

   It grants immunity to poison.
Missiles
 s - 226 bolts
 I - 426 arrows
Armour
 l - a +0 pair of gloves (worn)
 y - the +3 leather armour of the Ego (worn) {rCorr SInv}
   (You found it on level 5 of the Dungeon)

   It lets you see invisible.
   It provides partial protection from all sources of acid and corrosion.
 A - a +0 hat of intelligence (worn)
 C - a +2 buckler (worn)
 R - a +2 cloak of magic resistance (worn)
Jewellery
 a - the ring "Muut" (right hand) {rN+ MP+9 Stlth+}
   (You acquired it in the Ecumenical Temple)

   [ring of positive energy]

   It protects you from negative energy.
   It affects your magic capacity (+9).
   It makes you more stealthy.
 k - an amulet of reflection (around neck)
 x - a ring of magical power (left hand)
 H - an uncursed ring of protection from fire
 Y - an uncursed amulet of guardian spirit {unknown}
Wands
 G - a wand of acid (6)
 K - a wand of digging (8)
Scrolls
 b - a scroll of summoning
 f - 12 scrolls of teleportation
 g - 14 scrolls of remove curse
 i - 7 scrolls of enchant armour {unknown}
 n - 4 scrolls of magic mapping {unknown}
 p - 5 scrolls of fear {unknown}
 t - 2 scrolls of immolation {unknown}
 v - 4 scrolls of blinking {unknown}
 L - 3 scrolls of enchant weapon {unknown}
Potions
 j - 3 potions of magic
 w - 3 potions of heal wounds
 z - 6 potions of haste
 B - 5 potions of curing
Miscellaneous
 q - a phantom mirror
 E - a phial of floods
 M - a tin of tremorstones (3/3)
 W - a box of beasts
Comestibles
 d - 48 rations


   Skills:
 + Level 5.4 Fighting
 - Level 6.1 Armour
 - Level 3.0 Dodging
 - Level 3.1 Stealth
 - Level 4.0 Shields
 * Level 20.3 Spellcasting
 + Level 12.9 Conjurations
 - Level 1.1 Summonings
 - Level 1.1 Translocations
 + Level 12.4 Fire Magic
 - Level 2.0 Ice Magic
 - Level 1.3 Air Magic
 - Level 1.0 Earth Magic
 - Level 1.1 Poison Magic
 - Level 5.0 Evocations


You had 16 spell levels left.
You knew the following spells:

 Your Spells              Type           Power        Failure   Level  Hunger
a - Magic Dart            Conj           ####         0%          1    None
b - Mephitic Cloud        Conj/Pois/Air  #######.     1%          3    None
c - Call Imp              Summ           #####...     1%          2    None
d - Blink                 Tloc           N/A          1%          2    None
e - Conjure Flame         Conj/Fire      #######.     1%          3    None
f - Fireball              Conj/Fire      #######...   1%          5    None
g - Foxfire               Conj/Fire      ####         0%          1    None
h - Stone Arrow           Conj/Erth      ######       1%          3    None
i - Bolt of Magma         Conj/Fire/Erth ######....   1%          5    None
j - Freezing Cloud        Conj/Ice/Air   ######....   8%          6    None
k - Starburst             Conj/Fire      #######...   1%          6    None

Your spell library contained the following spells:

 Spells                   Type           Power        Failure   Level  Hunger
 Animate Skeleton         Necr           N/A          1%          1    None
 Corona                   Hex            ####...      1%          1    None
 Pain                     Necr           ####         1%          1    None
 Sandblast                Erth           #####.       1%          1    None
 Ensorcelled Hibernation  Hex/Ice        #####.       1%          2    None
 Dazzling Flash           Conj/Hex       ######       1%          3    None
 Inner Flame              Hex/Fire       ######..     1%          3    None
 Sticky Flame             Conj/Fire      #######.     1%          4    None
 Passwall                 Tmut/Erth      #####...     2%          2    None
 Slow                     Hex            ####....     2%          2    None
 Confusing Touch          Hex            ####....     5%          3    None
 Tukima's Dance           Hex            ####....     5%          3    None
 Vampiric Draining        Necr           ####......   5%          3    None
 Lee's Rapid Deconstruct  Erth           #####.....   9%          5    None
 Petrify                  Tmut/Erth      #####...     14%         4    None
 Animate Dead             Necr           N/A          19%         4    None
 Agony                    Necr           ####....     45%         5    None


Dungeon Overview and Level Annotations

Branches:
Dungeon (15/15)            Temple (1/1) D:7            Lair (6/6) D:10
 Shoals (0/4) Lair:4        Snake (0/4) Lair:2          Orc (0/2) D:12
 Vaults (0/5) D:13         Depths (0/5) D:15
  Slime: Lair:5-6

Altars:
Ashenzari
Cheibriados
Dithmenos
Elyvilon
Fedhas
Gozag
Hepliaklqana
Kikubaaqudgha
Makhleb
Nemelex Xobeh
Okawaru
Qazlal
Ru
Sif Muna
Trog
Uskayaw
Vehumet
Wu Jian
Xom
Yredelemnul
Zin

Shops:
D:5 ?   D:6 (   D:7 !   D:12 *


Message History

A death yak comes into view.
The sentinel's mark upon you fades away.
The death yak is engulfed in freezing vapours.
There is a stone staircase leading up here.
The death yak is engulfed in blazing flames.
The death yak is engulfed in freezing vapours.
The death yak is engulfed in blazing flames.
The death yak looks more healthy.
The death yak gores you.
A catoblepas comes into view.
The death yak gores you! The death yak misses you. The death yak gores you!!
* * * LOW HITPOINT WARNING * * *
A death yak and a manticore come into view.
The manticore moves out of view.
There is a stone staircase leading up here.
The manticore flicks its tail.
The volley of spikes reflects off an invisible shield around you!
The volley of spikes hits the manticore!!
The death yak gores you!
You die...

....# ..... #........8 8.#.##
......8... ..#..# H........ ..#.#
..Y8..... .S.# ####........ +..#
###.##.......#
...########...##........
#...#..8.##Y.YYY@.#....#..
...†#.....Y..##.#.#P..P..#
8..†'..<.8#...##.#.....P.#
....#.....#####.........##
..#.##.8.######..........## ##
...#######.....#.........P#####.#
..## ...............#.....P..#...
... ...........##......... .....
..#. .........###...#####..#.....


You could see 5 death yaks, a catoblepas and a manticore (skewered).

Vanquished Creatures
  Kirke (Lair:4)
  An emperor scorpion (D:15)
  An ogre mage (D:15)
  3 centaur warriors
  3 hydras
  A vault guard (D:13)
  A death knight (D:13)
  An anaconda (Lair:6)
  2 catoblepae (D:15)
  9 two-headed ogres
  2 death yaks (Lair:6)
  4 unseen horrors
  A wizard (D:14)
  An orc knight (D:15)
  A wolf spider (Lair:6)
  3 wolf spider zombies
  15 ugly things
  An orb spider (shapeshifter) (D:15)
  A manticore (D:11)
  A salamander (D:14)
  7 cyclopes
  13 elephants
  6 black mambas
  Maurice (D:8)
  A merfolk siren (Lair:4)
  A torpor snail (Lair:6)
  A spiny frog (Lair:4)
  3 rime drakes
  A komodo dragon (shapeshifter) (D:13)
  3 trolls
  8 komodo dragons
  A tengu conjurer (D:15)
  6 polar bears
  A harpy skeleton (D:15)
  3 hornets
  19 blink frogs
  2 slime creatures (D:15)
  5 hippogriffs
  A centaur simulacrum (D:14)
  15 yaks
  2 shadows
  3 wraiths
  4 wyverns
  Sigmund (D:4)
  A vampire (D:12)
  A golden eye (shapeshifter) (D:15)
  3 hogs (Lair:4)
  A hungry ghost (D:12)
  4 basilisks
  A fire bat (shapeshifter) (D:15)
  A naga (Lair:2)
  A steam dragon (D:12)
  4 vampire mosquitoes (D:14)
  A soldier ant (D:12)
  10 water moccasins
  5 porcupines
  9 black bears
  3 sky beasts
  7 orc warriors
  4 phantoms
  3 eyes of draining
  3 necrophages
  5 ice beasts
  5 ogres
  10 centaurs
  4 boggarts (D:15)
  The ghost of Fractals the Sneak, an amateur OpCj (D:3)
  7 crocodiles
  A big kobold (D:5)
  11 bullfrogs
  2 gnoll sergeants
  6 earth elementals (D:15)
  5 scorpions
  A wyvern skeleton (D:12)
  13 killer bees
  5 howler monkeys
  A bullfrog zombie (D:6)
  5 crimson imps
  3 quasits
  4 hounds
  10 orc priests
  5 centaur zombies
  8 jellies
  13 orc wizards
  2 bullfrog skeletons
  5 centaur skeletons
  3 iguanas
  15 worker ants
  A killer bee zombie (D:8)
  A hound skeleton (D:10)
  2 worker ant zombies
  13 gnolls
  19 adders
  A howler monkey skeleton (D:9)
  2 shadow imps
  5 oozes (D:10)
  An adder skeleton (D:6)
  2 adder zombies
  2 worms
  2 dart slugs
  4 leopard geckos
  57 orcs
  5 bats
  12 giant cockroaches
  8 goblins
  2 hobgoblins
  16 jackals
  6 quokkas
  2 ball pythons
  5 frilled lizards
  A jackal zombie (D:7)
  11 kobolds
  3 quokka skeletons
  7 rats
  3 fungi
  9 plants
575 creatures vanquished.

Vanquished Creatures (collateral kills)
  An orc (D:3)
  A jackal skeleton (D:3)
2 creatures vanquished.

Vanquished Creatures (others)
  25 bushes (Lair:6)
  29 foxfires
  2 fungi (Lair:6)
  13 plants (Lair:6)
69 creatures vanquished.

Grand Total: 646 creatures vanquished

Notes
Turn   | Place    | Note
-------+----------+-------------------------------------------
     0 | D:1      | pokeman the Deep Elf Wizard began the quest for the Orb.
     0 | D:1      | Reached XP level 1. HP: 10/10 MP: 7/7
   388 | D:1      | Reached XP level 2. HP: 15/15 MP: 5/9
   893 | D:1      | Reached skill level 5 in Spellcasting
  1210 | D:2      | Reached XP level 3. HP: 7/20 MP: 3/11
  1215 | D:2      | Learned a level 3 spell: Mephitic Cloud
  1218 | D:2      | Learned a level 2 spell: Call Imp
  1221 | D:2      | Learned a level 2 spell: Blink
  1225 | D:2      | Learned a level 3 spell: Conjure Flame
  1956 | D:2      | Found a bloodstained altar of Trog.
  1968 | D:2      | Reached skill level 1 in Fighting
  2038 | D:2      | Found an opulent altar of Gozag.
  2043 | D:2      | Reached skill level 1 in Armour
  2137 | D:2      | Reached XP level 4. HP: 25/25 MP: 4/13
  2232 | D:2      | Found an iron altar of Okawaru.
  2925 | D:3      | Reached skill level 6 in Spellcasting
  3170 | D:3      | Reached XP level 5. HP: 28/29 MP: 10/15
  3325 | D:3      | Reached skill level 1 in Shields
  3380 | D:3      | Found a snail-covered altar of Cheibriados.
  3588 | D:3      | Noticed Fractals's ghost (amateur OpCj)
  3590 | D:3      | Found a transporter.
  3775 | D:3      | Found a transporter.
  3889 | D:3      | Killed Fractals's ghost
  3889 | D:3      | Reached skill level 1 in Fire Magic
  4077 | D:3      | Reached XP level 6. HP: 18/34 MP: 1/17
  4357 | D:4      | Found an ornate altar of the Wu Jian Council.
  4549 | D:4      | Reached skill level 7 in Spellcasting
  4639 | D:4      | Noticed Sigmund
  4657 | D:4      | Killed Sigmund
  4657 | D:4      | Reached skill level 1 in Air Magic
  4657 | D:4      | Reached skill level 1 in Evocations
  4873 | D:4      | Reached XP level 7. HP: 38/38 MP: 16/20
  5373 | D:5      | Entered Level 5 of the Dungeon
  5412 | D:5      | Reached skill level 1 in Poison Magic
  5428 | D:5      | Reached skill level 8 in Spellcasting
  5703 | D:5      | Found a white marble altar of Elyvilon.
  5718 | D:5      | Got a slimy leather armour
  5729 | D:5      | Identified the +3 leather armour of the Ego {rCorr SInv}
                  | (You found it on level 5 of the Dungeon)
  6210 | D:5      | Found Getazyin's Magic Scroll Shop.
  6222 | D:5      | Bought a scroll of remove curse for 42 gold pieces
  6222 | D:5      | Bought a scroll of teleportation for 42 gold pieces
  6222 | D:5      | Bought a scroll of identify for 28 gold pieces
  6222 | D:5      | Bought a scroll of fog for 28 gold pieces
  6522 | D:6      | Reached XP level 8. HP: 44/44 MP: 18/22
  6612 | D:6      | Found a stormy altar of Qazlal.
  6619 | D:6      | Learned a level 3 spell: Stone Arrow
  6651 | D:6      | Reached skill level 9 in Spellcasting
  6658 | D:6      | Noticed an angel
  6694 | D:6      | Found a shimmering altar of Xom.
  6694 | D:6      | Found a glowing silver altar of Zin.
  6725 | D:6      | Found Xyunweuc's Antique Weapon Shoppe.
  6728 | D:6      | Bought a fading trident for 136 gold pieces
  6730 | D:6      | Identified the +10 trident "Vuguath" {vorpal, *Drain +Rage
                  | rC+} (You bought it in a shop on level 6 of the Dungeon)
  6772 | D:6      | Reached skill level 1 in Earth Magic
  6774 | D:6      | Reached skill level 5 in Conjurations
  7729 | D:7      | Reached skill level 10 in Spellcasting
  7936 | D:7      | Found a staircase to the Ecumenical Temple.
  7943 | Temple   | Entered the Ecumenical Temple
  7985 | Temple   | Became a worshipper of Vehumet
  8086 | D:7      | Noticed a hippogriff
  8094 | D:7      | Killed a hippogriff
  8094 | D:7      | Reached XP level 9. HP: 34/48 MP: 25/25
  8580 | D:7      | Found Ytoqatut's Distillery.
  8590 | D:7      | Bought a potion of curing for 36 gold pieces
  8590 | D:7      | Bought a potion of degeneration for 12 gold pieces
  8770 | D:7      | Reached skill level 11 in Spellcasting
  9021 | D:8      | Reached skill level 5 in Fire Magic
  9156 | D:8      | Got a pitted hunting sling
  9543 | D:8      | Reached * piety under Vehumet
  9543 | D:8      | Offered knowledge of Foxfire by Vehumet.
  9546 | D:8      | Learned a level 1 spell: Foxfire
  9695 | D:8      | Reached skill level 12 in Spellcasting
  9701 | D:8      | Noticed Maurice
  9737 | D:8      | Killed Maurice
 10092 | D:9      | Reached XP level 10. HP: 53/53 MP: 28/28
 10331 | D:9      | Reached ** piety under Vehumet
 10331 | D:9      | Offered knowledge of Freeze by Vehumet.
 10713 | D:9      | Learned a level 5 spell: Fireball
 10774 | D:9      | Reached skill level 13 in Spellcasting
 11460 | D:10     | Entered Level 10 of the Dungeon
 11530 | D:10     | Offered knowledge of Static Discharge by Vehumet.
 11717 | D:10     | Reached *** piety under Vehumet
 11747 | D:10     | Noticed a two-headed ogre
 11756 | D:10     | Killed a two-headed ogre
 12215 | D:10     | Found a staircase to the Lair.
 12412 | D:10     | Reached XP level 11. HP: 57/60 MP: 30/30
 12414 | D:10     | Reached skill level 14 in Spellcasting
 12470 | D:10     | Found the +9 staff of Olgreb {rPois∞}
 12777 | D:11     | Offered knowledge of Hailstorm by Vehumet.
 12783 | D:11     | Noticed a two-headed ogre
 13485 | D:11     | Killed a two-headed ogre
 13571 | D:11     | Reached **** piety under Vehumet
 13887 | D:12     | Noticed an unseen horror
 13892 | D:12     | Killed an unseen horror
 13892 | D:12     | Reached skill level 15 in Spellcasting
 13926 | D:12     | Noticed a two-headed ogre
 13928 | D:12     | Killed a two-headed ogre
 14014 | D:12     | Offered knowledge of Ignite Poison by Vehumet.
 14145 | D:12     | Found Toelas's Assorted Antiques.
 14158 | D:12     | Found a staircase to the Orcish Mines.
 14384 | D:12     | Noticed an unseen horror
 14386 | D:12     | Killed an unseen horror
 14667 | D:12     | Paralysed by a hornet for 3 turns
 15265 | D:13     | Noticed a purple ugly thing
 15277 | D:13     | Killed a purple ugly thing
 15443 | D:13     | Reached XP level 12. HP: 66/66 MP: 29/33
 15443 | D:13     | Noticed a centaur warrior
 15473 | D:13     | Killed a centaur warrior
 15620 | D:13     | Reached skill level 16 in Spellcasting
 15620 | D:13     | Reached skill level 10 in Conjurations
 15779 | D:13     | Noticed a two-headed ogre
 15782 | D:13     | Killed a two-headed ogre
 15927 | D:13     | Noticed a death knight
 15931 | D:13     | Killed a death knight
 16090 | D:13     | Found a gate to the Vaults.
 16090 | D:13     | Noticed a vault guard
 16093 | D:13     | Killed a vault guard
 16982 | D:14     | Reached skill level 17 in Spellcasting
 16982 | D:14     | Reached skill level 10 in Fire Magic
 17373 | D:14     | Reached ***** piety under Vehumet
 17387 | D:14     | Noticed a centaur warrior
 17394 | D:14     | Killed a centaur warrior
 17583 | D:14     | Offered knowledge of Bolt of Magma by Vehumet.
 17585 | D:14     | Reached skill level 5 in Evocations
 17592 | D:14     | Learned a level 5 spell: Bolt of Magma
 17686 | D:14     | Noticed a centaur warrior
 17691 | D:14     | Killed a centaur warrior
 17721 | D:14     | Reached XP level 13. HP: 70/70 MP: 35/36
 18134 | D:14     | Found a sacrificial altar of Ru.
 18149 | D:14     | Found an ornate altar of the Wu Jian Council.
 18149 | D:14     | Found a shimmering blue altar of Sif Muna.
 18151 | D:14     | Found a white marble altar of Elyvilon.
 18151 | D:14     | Found a blossoming altar of Fedhas.
 18151 | D:14     | Found a shimmering altar of Xom.
 18235 | D:15     | Entered Level 15 of the Dungeon
 18580 | D:15     | Reached skill level 18 in Spellcasting
 18603 | D:15     | Noticed an emperor scorpion
 19365 | D:15     | Reached skill level 5 in Fighting
 19680 | D:15     | Killed an emperor scorpion
 21143 | D:15     | Found a staircase to the Depths.
 21688 | D:15     | Offered knowledge of Freezing Cloud by Vehumet.
 21696 | D:15     | Learned a level 6 spell: Freezing Cloud
 21757 | D:15     | Reached skill level 1 in Ice Magic
 22017 | Temple   | Identified the cursed +0 hunting sling "Quikaz Gutynk"
                  | {freeze, *Contam rPois MP+9} (You found it on level 8 of
                  | the Dungeon)
 22135 | Lair:1   | Entered Level 1 of the Lair of Beasts
 22199 | Lair:1   | Reached skill level 5 in Armour
 22204 | Lair:1   | Reached skill level 19 in Spellcasting
 22204 | Lair:1   | Reached XP level 14. HP: 78/78 MP: 7/39
 23768 | Lair:2   | Found a staircase to the Snake Pit.
 25816 | Lair:4   | Found a staircase to the Shoals.
 26200 | Lair:4   | You fall into a shaft and drop 1 floor!
 26476 | Lair:4   | Noticed Kirke
 26482 | Lair:4   | Killed Kirke
 27396 | Lair:6   | Entered Level 6 of the Lair of Beasts
 27732 | Lair:6   | Reached skill level 20 in Spellcasting
 27891 | Lair:5   | Offered knowledge of Starburst by Vehumet.
 27899 | Lair:5   | Learned a level 6 spell: Starburst
 28342 | Lair:6   | Identified a scroll of acquirement
 28579 | Temple   | Acquired the ring "Muut" {rN+ MP+9 Stlth+}
 28828 | Lair:6   | Slain by a death yak

Illustrated notes

Levels and vault maps discovered:
D:1:      minmay_arrival_hallway, layout_basic, chequers_serial_rivers_micro_c
D:2:      layout_basic, bloody_trog, okawaru_trees_1, nicolae_gozag_seed_capital
D:3:      layout_loops_ring, kennysheep_slug_shrine,
          nicolae_overflow_hidden_temple, gammafunk_ghost_mausoleum
D:4:      layout_loops_ring, lemuel_doored_altar, first_ration,
          minmay_stone_trees_medium, uniq_sigmund
D:5:      layout_cave_pools, serial_shops, nicolae_shop_statue_plus,
          elyvilon_altar_4
D:6:      layout_rooms, grunt_temple_overflow_order_and_chaos_1, serial_shops,
          nicolae_shop_behind_doors, grunt_qazlal_sundering
D:7:      kennysheep_six_static_rooms, layout_basic, minmay_temple_entry_tees,
          serial_shops, shop_statue
D:8:      layout_loops_cross, uniq_maurice
D:9:      layout_loops_ring
D:10:     minmay_clustersquares, layout_gridville,
          grunt_lair_entry_orc_guard_hut, hangedman_little_slice_of_home
D:11:     layout_basic
D:12:     layout_loops_cross, serial_shops, nicolae_shop_stone, chequers_garden
D:13:     layout_loops_ring, david_vaults_5, lemuel_flamethrower_3
D:14:     layout_gridville, minmay_staircase_windowed_large, doesnt_xom_only_xom
D:15:     hangedman_depths_entry_try_elsewhere_first, layout_basic,
          hangedman_cracks_in_the_wall
Temple:   cyrus_circular_temple
Lair:1:   layout_concentric_octagons, cheibrodos_lair_lostbears
Lair:2:   beast_lair_carwin_large_1, layout_chaotic_city,
          guppyfry_snake_entry_garden
Lair:3:   layout_cave_pods, cheibrodos_lair_reptile_den
Lair:4:   layout_concentric_octagons, minmay_shoals_entry_lonely_mermaid,
          uniq_kirke
Lair:5:   layout_gridlike, lemuel_fruit_tree
Lair:6:   evilmike_catoblepas_cave, layout_misc_corridors, slime_altar_1,
          minmay_hedge_maze, minmay_shattered_shrine, grunt_megastairs_1

Skill      XL: |  1  2  3  4  5  6  7  8  9 10 11 12 13 14 |
---------------+-------------------------------------------+-----
Spellcasting   | 5 6 7 8 10 12 13 15 17 19 20 | 20.3
Conjurations   | 2 3 4 5 7 8 9 10 12 | 12.9
Fighting       | 1 2 3 4 5 |  5.4
Armour         | 1 2 3 4 5 6 |  6.1
Dodging        | 3 |  3.0
Shields        | 1 3 4 |  4.0
Stealth        | 3 |  3.1
Fire Magic     | 1 2 4 5 7 9 10 11 12 | 12.4
Air Magic      | 1 |  1.3
Evocations     | 1 2 5 |  5.0
Poison Magic   | 1 |  1.1
Earth Magic    | 1 |  1.0
Ice Magic      | 1 2 |  2.0
Summonings     | |  1.1
Translocations | |  1.1

Action                   |  1- 3 |  4- 6 |  7- 9 | 10-12 | 13-15 || total
-------------------------+-------+-------+-------+-------+-------++-------
Melee: Unarmed           |    19 |       |       |       |       ||    19
       Dagger            |       |    76 |    20 |       |       ||    96
       Trident           |       |       |    73 |    92 |    24 ||   189
       Staff             |       |       |       |       |    13 ||    13
 Cast: Magic Dart        |   106 |   112 |   259 |    26 |       ||   503
       Call Imp          |       |     4 |     1 |     2 |     4 ||    11
       Mephitic Cloud    |       |     3 |    24 |    23 |    14 ||    64
       Conjure Flame     |       |     2 |    20 |    16 |     9 ||    47
       Stone Arrow       |       |       |    23 |    51 |    10 ||    84
       Blink             |       |       |     2 |     3 |     2 ||     7
       Fireball          |       |       |       |   170 |   259 ||   429
       Foxfire           |       |       |       |    16 |     1 ||    17
       Bolt of Magma     |       |       |       |       |    55 ||    55
       Freezing Cloud    |       |       |       |       |     1 ||     1
Evoke: Staff of Olgreb   |       |       |       |       |     4 ||     4
       Wand              |       |       |       |       |     1 ||     1
  Use: Scroll            |       |       |       |    11 |     8 ||    19
 Stab: Confused          |       |     2 |     8 |     6 |     2 ||    18
  Eat: Chunk             |     4 |     8 |    12 |    25 |    22 ||    71
       Ration            |       |       |     1 |       |     3 ||     4
Armor: Robe              |    11 |     1 |       |       |       ||    12
       Leather armour    |       |    17 |    28 |    19 |    18 ||    82
Dodge: Dodged            |    49 |    59 |    70 |    42 |    37 ||   257
Block: Other             |       |     4 |    26 |       |       ||    30
       Reflection        |       |       |     3 |     7 |     2 ||    12
       Buckler           |       |       |    20 |    55 |    47 ||   122
